AoeStats
← xVersify

Arena

505184896Analyzed
1v1 RM · 25d ago on Sep 8, 2026· 55m 44s· 2 players
Game mode
Random Map
Map size
Tiny (2 player)
Population
200
Speed
Normal
Resources
Standard
Victory
Conquest
Starting age
Dark Age
Ending age
Imperial Age
RankedLock teamsTeams togetherTeam positionsShared explorationLock speedFull tech treeHidden civsTurbo modeCheats
Victory
Defeat
🇺🇸 Tupi · United States
614
+20
🇨🇳 Portuguese · China
703
-26
xVersify
12:24 Feudal Age
16:31 Castle Age
15:06 Stone Mining
16:17 Gold Mining
16:18 Double-Bit Axe
16:41 Horse Collar
23:28 Ballistics
26:16 Heavy Plow
27:16 Gold Shaft Mining
26:55 Loom
27:47 Wheelbarrow
29:51 Bow Saw
32:54 Imperial Age
30:39 Fletching
30:50 Padded Archer Armor
31:34 Hand Cart
31:04 Town Watch
33:16 Town Patrol
33:40 Curare
32:56 Elite Blackwood Archer
33:57 Conscription
34:47 Chemistry
33:46 Bodkin Arrow
34:06 Leather Archer Armor
35:16 Two-Man Saw
34:56 Squires
34:41 Arson
34:22 Elite Ibirapema Warrior
35:52 Bracer
36:22 Ring Archer Armor
36:04 Forging
36:02 Scale Mail Armor
35:57 Capped Ram
37:47 Champi Runner
37:55 Siege Ram
39:55 Champi Warrior
41:38 Elite Champi Warrior
43:05 Iron Casting
42:45 Chain Mail Armor
50:01 Plate Mail Armor
枸杞
13:10 Feudal Age
14:32 Horse Collar
14:40 Double-Bit Axe
15:04 Gold Mining
19:30 Wheelbarrow
23:50 Castle Age
22:23 Fletching
24:54 Hand Cart
24:55 Bow Saw
24:49 Heavy Plow
26:12 Bodkin Arrow
26:18 Stone Mining
29:13 Treadmill Crane
29:57 Ballistics
31:00 Stone Shaft Mining
33:43 Imperial Age
31:35 Fortified Wall
31:37 Masonry
32:04 Man-at-Arms
32:31 Gambesons
33:02 Forging
33:58 Long Swordsman
33:59 Pikeman
35:49 Conscription
35:30 Arquebus
36:34 Chemistry
38:25 Bombard Tower
38:12 Siege Engineers
39:40 Bracer
40:42 Architecture
41:22 Padded Archer Armor
42:00 Iron Casting
41:27 Scale Mail Armor
41:09 Elite Skirmisher
42:45 Leather Archer Armor
44:09 Blast Furnace
43:19 Loom
43:43 Thumb Ring
42:59 Crossbowman
44:58 Guard Tower
47:46 Keep
46:34 Halberdier
46:35 Two-Handed Swordsman
48:57 Two-Man Saw
48:31 Arbalester
48:36 Champion
49:01 Arson
49:52 Ring Archer Armor
49:39 Chain Mail Armor
49:02 Elite Organ Gun
56:08 Husbandry
56:18 Bloodlines
55:29 Cavalier
Connection lost

Rejoining the realm…

Still unreachable

The connection could not be restored.

Session expired

The server has moved on; the page needs a fresh start.